 Dungeon Crawl Stone Soup version 0.30-a0-381-g6ea064c7b4 (webtiles) character file.

Game seed: 13301888099061976443

169 snetch the Magician (level 5, 0/35 HPs)
             Began as a Djinni Fire Elementalist on Dec 1, 2022.
             Was a Believer of Ru.
             Slain by p00ps00p's ghost (8 damage)
             ... on level 3 of the Dungeon.
             The game lasted 00:07:48 (2774 turns).

snetch the Magician (Djinni Fire Elementalist)      Turns: 2774, Time: 00:07:49

Health: 0/35       AC:  4    Str:  7    XL:     5   Next: 79%
Gold:   141        EV: 12    Int: 19    God:    Ru [**....] SH:  0 Dex: 13

rFire   + . .      SeeInvis .    z - +1 dagger (venom)
rCold   x . .      Faith    .    (no shield)
rNeg    . . .      Spirit   .    o - +2 robe "Rimupib" {rPois}
rPois   ∞          Reflect  .    (no helmet)
rElec   .          Harm     .    (no cloak)
rCorr   .          Rampage  .    (no gloves)
Will    .....                    (boots unavailable)
Stlth   ++........               (no amulet)
HPRegen 0.25/turn                i - ring of protection from cold
MPRegen 0.00/turn                (no ring)

@: flying, very slightly contaminated
A: sickness immunity, fire resistance 2, cold vulnerability 1, temperature
sensitive, float, innate caster, HP casting, extra vitality 1
a: Renounce Religion


You were on level 3 of the Dungeon.
You worshipped Ru.
Ru was pleased with you.
You visited 1 branch of the dungeon, and saw 4 of its levels.

You collected 243 gold pieces.
You spent 102 gold pieces at shops.

Inventory:

Hand Weapons
 p - a +0 short sword
 r - a +0 dagger
 t - a +0 falchion
 x - a +1 dagger of speed
 z - a +1 dagger of venom (weapon)
Missiles
 b - 27 stones
 v - 2 poisoned darts
 w - a boomerang
Armour
 o - the +2 robe "Rimupib" (worn) {rPois}
   (You found it on level 2 of the Dungeon)

   rPois:     It protects you from poison.
 u - a +0 ring mail of fire resistance
Jewellery
 i - a ring of protection from cold (left hand)
Wands
 s - a wand of paralysis (15)
Scrolls
 c - a scroll of butterflies {unknown}
 e - 3 scrolls of identify {unknown}
 g - 2 scrolls of amnesia {unknown}
 j - a scroll of poison
 k - 3 scrolls of teleportation
 q - a scroll of noise {unknown}
 y - a scroll of torment {unknown}
Potions
 a - a potion of curing {unknown}
 d - a potion of brilliance {unknown}
 f - a potion of magic {unknown}
 h - 2 potions of lignification {unknown}
 l - 2 potions of heal wounds {unknown}
 m - a potion of might {unknown}
 n - a potion of haste {unknown}
 A - 2 potions of attraction {unknown}
 B - a potion of mutation {unknown}


   Skills:
 + Level 2.6 Dodging
 + Level 1.9 Stealth
 + Level 0.1 Unarmed Combat
 + Level 4.4 Spellcasting


You couldn't memorise any spells.
You knew the following spells:

 Your Spells              Type           Power      Damage    Failure   Level
a - Foxfire               Conj/Fire      80%        2x1d8     2%          1
b - Scorch                Fire           40%        2d7       3%          2
c - Kindle Blastsparks    Fire/Tloc/Air  40%        2d13      6%          3
d - Inner Flame           Hex/Fire       20%        N/A       6%          3
e - Flame Wave            Conj/Fire      20%        2d7       22%         4
f - Sting                 Tmut/Pois      80%        1d7       2%          1
g - Passwall              Tmut/Erth      16%        N/A       3%          2
Your spell library was empty.

Dungeon Overview and Level Annotations

Branches:
Dungeon (4/15)
 Temple: D:4-7

Altars:
Ru

Shops:
D:1 *?

Annotations:
D:3 p00ps00p's ghost, amateur HOFi


Innate Abilities, Weirdness & Mutations

You are immune to sickness and miasma.
You are immune to poison.
Your flesh is very heat resistant. (rF++)
You are vulnerable to cold. (rC-)
You are sensitive to extremes of temperature. (rF-, rC-)
You float through the air rather than walking.
You learn spells naturally, not from books.
Your magical power is your life essence.
You have superior vitality. (+4 MHP)


Message History

You kill the rat!
Casting: Scorch (safe; 3% risk of failure)
Confirm with . or Enter, or press ? or * to list all spells.
You can't see any susceptible monsters within range! (Use Z to cast anyway.)
You now have 114 gold pieces (gained 4).
A goblin comes into view. It is wielding a +0 dagger.
Casting: Scorch (safe; 3% risk of failure)
Confirm with . or Enter, or press ? or * to list all spells.
Flames lash the goblin.
You kill the goblin!
You see here a +0 dagger.
You now have 127 gold pieces (gained 13).
You now have 141 gold pieces (gained 14).
P00ps00p's ghost turns its malevolent gaze towards you.
P00ps00p's ghost screams, "There is no future for me!"
You reach down and open the large door.
Casting: Scorch (safe; 3% risk of failure)
Confirm with . or Enter, or press ? or * to list all spells.
You miscast Scorch.
You are very lightly contaminated with residual magic.
Nothing appears to happen.
P00ps00p's ghost hits you!
Casting: Scorch (safe; 3% risk of failure)
Confirm with . or Enter, or press ? or * to list all spells.
Flames lash p00ps00p's ghost.
P00ps00p's ghost is lightly damaged.
P00ps00p's ghost's fire resistance burns away.
P00ps00p's ghost misses you.
Casting: Scorch (safe; 3% risk of failure)
Confirm with . or Enter, or press ? or * to list all spells.
Flames lash p00ps00p's ghost.
P00ps00p's ghost is burned terribly!
P00ps00p's ghost is moderately damaged.
P00ps00p's ghost hits you!
* * * LOW HITPOINT WARNING * * *
Casting: Scorch (safe; 3% risk of failure)
Confirm with . or Enter, or press ? or * to list all spells.
Flames lash p00ps00p's ghost.
P00ps00p's ghost is burned terribly!
P00ps00p's ghost is severely damaged.
* * * LOW HITPOINT WARNING * * *
P00ps00p's ghost hits you!
You die...

#.##...# #.##.#.##.###.##
#.###.## ########.#.##.......
#.#....####~#~####.#........##
#.#..#.##..[.~#.#..####.#####
##.#....#.#.....##### #.#
##....#.##..⌠≈#..###.## #.#
##...>...# #.≈.≈≈.~#.#.###.#
#....###.#####'W#######.##.####
#....# #...#....@.# ##..<...#
#....###.##.......## ##..##.#
#.).........##...#.## ##.####.#
#.#......#..##.#.##.###.## #.#
#.#####........#.###.#.## #.#
#.# #..#..####.# ##.## #.# #.#
#.....# #.# ### #.#
#.#####.....####.## ###### #.#
...<....#.........# #....# #.#


You could see p00ps00p's ghost (combustible).

Vanquished Creatures
  An ogre (D:4)
  An adder (D:3)
  An ufetubus (D:3)
  2 dart slugs (D:1)
  8 orcs
  2 bats
  4 endoplasms (D:1)
  A giant cockroach (D:1)
  2 goblins (D:3)
  5 hobgoblins
  2 jackals (D:1)
  A quokka (D:1)
  6 ball pythons
  7 frilled lizards
  7 kobolds
  5 rats
55 creatures vanquished.

Vanquished Creatures (others)
  78 foxfires
78 creatures vanquished.

Grand Total: 133 creatures vanquished

Notes
Turn   | Place    | Note
-------+----------+-------------------------------------------
     0 | D:1      | snetch the Djinni Fire Elementalist began the quest for the
                  | Orb.
     0 | D:1      | snetch set off with the following spells memorised:
                  | Foxfire, Scorch, Kindle Blastsparks, Inner Flame, Flame
                  | Wave.
     0 | D:1      | Reached XP level 1. HP: 15/15 MP: 0/0
   128 | D:1      | Reached XP level 2. HP: 21/21 MP: 0/0
   280 | D:1      | Reached skill level 3 in Spellcasting
   327 | D:1      | Reached XP level 3. HP: 24/25 MP: 0/0
   327 | D:1      | Learned a level 1 spell: Sting
   429 | D:1      | Found a faded altar of an unknown god.
   431 | D:1      | Found Nuigeoll's Magic Scroll Boutique.
   436 | D:1      | Prayed at the altar of an unknown god.
   436 | D:1      | Became a worshipper of Ru the Awakened
   452 | D:1      | Gained mutation: You are sensitive to extremes of
                  | temperature. (rF-, rC-) [Ru sacrifice]
   452 | D:1      | Reached * piety under Ru
   452 | D:1      | Reached ** piety under Ru
   463 | D:1      | Bought a scroll of poison for 48 gold pieces
   463 | D:1      | Bought a scroll of teleportation for 36 gold pieces
   611 | D:1      | Found Limui's Assorted Antiques.
   621 | D:1      | Bought a clear potion for 18 gold pieces
  1015 | D:2      | Identified the +2 robe "Rimupib" {rPois}
  2066 | D:3      | Reached XP level 4. HP: 26/31 MP: 0/0
  2213 | D:3      | Found a large runed translucent door.
  2213 | D:3      | Found a large runed translucent door.
  2217 | D:3      | Noticed p00ps00p's ghost (amateur HOFi)
  2429 | D:4      | Noticed an ogre
  2434 | D:4      | Killed an ogre
  2435 | D:4      | Reached skill level 4 in Spellcasting
  2435 | D:4      | Reached XP level 5. HP: 31/35 MP: 0/0
  2435 | D:4      | Learned a level 2 spell: Passwall
  2472 | D:4      | Noticed an ogre
  2774 | D:3      | Slain by p00ps00p's ghost

Illustrated notes

Levels and vault maps discovered:
D:1:      heliophobic_arrival_battle_scene, layout_loops_ring,
          basic_ecumenical_altar, serial_shops, shop, shop
D:2:      layout_loops_corners, serial_aquarium, aquarium_bridge_straight
          [aquarium_subvault_bridge, aquarium_subvault_wall,
          aquarium_subvault_bridge, aquarium_subvault_window],
          aquarium_window_corridor_3, aquarium_window_1, aquarium_view_2c,
          corexii_item_surrounded_by_moat
D:3:      layout_loops_ring, ebering_ghost_disaster_area
D:4:      layout_loops_cross, nicolae_overflow_hallway_of_the_gods,
          uniq_blork_the_orc

Skill      XL: |  1  2  3  4 |
---------------+-------------+-----
Spellcasting   | 3 4 |  4.4
Dodging        | |  2.6
Stealth        | |  1.9
Unarmed Combat | |  0.1

Action                   |  1- 3 |  4- 6 || total
-------------------------+-------+-------++-------
Melee: Unarmed           |     3 |       ||     3
       Short sword       |     2 |       ||     2
       Dagger            |       |     4 ||     4
 Cast: Foxfire           |    45 |     3 ||    48
       Scorch            |    13 |    20 ||    33
       Sting             |     4 |       ||     4
Invok: Sacrifice Resista |     1 |       ||     1
Armor: Robe              |     3 |     3 ||     6
Dodge: Dodged            |     9 |     6 ||    15

Table legend: (Time is in decaauts)
 A = Elapsed time spent in this place.
 B = Non-inter-level travel time spent in this place.
 C = Inter-level travel time spent in this place.
 D = Time resting spent in this place.
 E = Time spent auto-exploring this place.
 F = Levels seen in this place.
 G = Mean time per level.
                   A        B        C        D        E       F      G
               +--------+--------+--------+--------+--------+-----+--------+
         Total |   2774 |   2571 |    203 |      0 |   1909 |   4 |  693.5 |
       Dungeon |   2774 |   2571 |    203 |      0 |   1909 |   4 |  693.5 |
               +--------+--------+--------+--------+--------+-----+--------+

Top non-repeatable levels by time:
     D:2: 1174 daAuts
     D:1: 850 daAuts
     D:3: 729 daAuts
     D:4: 20 daAuts
